 Dungeon Crawl Stone Soup version 0.22-a0-363-g29407c6 (webtiles) character file.

23661 Firecrotchwizard the Impaler (level 13, -2/107 HPs)
             Began as a Merfolk Gladiator on Apr 20, 2018.
             Was the Champion of Okawaru.
             Slain by a spiny frog (12 damage)
             ... on level 3 of the Lair of Beasts on Apr 21, 2018.
             The game lasted 00:36:26 (16608 turns).

Firecrotchwizard the Impaler (Merfolk Gladiator)   Turns: 16608, Time: 00:36:27

Health: -2/107     AC: 11    Str: 15    XL:     13   Next: 8%
Magic:  19/19      EV: 19    Int:  8    God:    Okawaru [******]
Gold:   950        SH:  0    Dex: 19    Spells: 12/12 levels left

rFire    . . .     SeeInvis .   g - +5 halberd of Qouvois {chop, *Drain MR++}
rCold    . . .     Gourm    .   (shield currently unavailable)
rNeg     + . .     Faith    .   I - +0 scale mail {rN+}
rPois    .         Spirit   .   c - +0 helmet
rElec    .         Reflect  .   Z - +1 cloak
rCorr    +         Harm     .   p - +0 pair of gloves
MR       ++...                  y - +0 pair of boots
Stlth    +.........             l - amulet of the acrobat
HPRegen  0.27/turn              G - ring of stealth {Stlth+}
MPRegen  0.16/turn              H - ring of resist corrosion

@: no status effects
A: change form in water, swift swim, stealthy swim
a: Heroism, Finesse, Renounce Religion


You were on level 3 of the Lair of Beasts.
You worshipped Okawaru.
Okawaru was exalted by your worship.
You were not hungry.

You visited 3 branches of the dungeon, and saw 15 of its levels.
You also visited: Bailey.

You collected 1070 gold pieces.
You spent 120 gold pieces at shops.

Inventory:

Hand Weapons
 g - the +5 halberd of Qouvois (weapon) {chop, *Drain MR++}
   (Okawaru gifted it to you on level 1 of the Lair of Beasts)

   It inflicts extra damage upon your enemies.
   It affects your resistance to hostile enchantments.
   It causes draining when unequipped.
 z - the +9 spear "Pirim" {pierce, Str+4 SInv}
   (You found it on level 4 of the Dungeon)

   It inflicts extra damage upon your enemies.
   It affects your strength (+4).
   It lets you see invisible.
Missiles
 d - 4 throwing nets {=f, !d}
Armour
 c - a +0 helmet (worn)
 p - a +0 pair of gloves (worn)
   (You found it on level 3 of the Dungeon)
 q - a cursed -1 buckler
   (You found it on level 3 of the Dungeon)
 y - a +0 pair of boots (worn)
   (You found it on level 3 of the Lair of Beasts)
 I - a +0 scale mail of positive energy (worn)
   (You found it on level 8 of the Dungeon)
 Z - a +1 cloak (worn)
   (You found it on level 8 of the Dungeon)
Jewellery
 i - an uncursed ring of ice {rC+, rF-}
   (You took it off Fannar on level 1 of the Lair of Beasts)
 l - an amulet of the acrobat (around neck)
   (You found it on level 1 of the Dungeon)
 w - an uncursed amulet of faith {Faith, !P}
   (You found it on level 4 of the Dungeon)
 G - a ring of stealth (left hand) {Stlth+}
   (You found it on level 5 of the Dungeon)
 H - a ring of resist corrosion (right hand)
   (You found it on level 5 of the Dungeon)
 L - an uncursed ring of stealth {Stlth+}
   (You found it on level 7 of the Dungeon)
Wands
 j - a wand of paralysis (22)
   (You found it on level 4 of the Dungeon)
 s - a wand of flame (150)
   (You found it on level 4 of the Dungeon)
 D - a wand of polymorph (5)
   (You took it off Dowan on level 4 of the Dungeon)
 O - a wand of digging (39)
   (You found it on level 8 of the Dungeon)
 P - a wand of clouds (9)
   (You found it on level 8 of the Dungeon)
 T - a wand of iceblast (6)
   (You found it on level 8 of the Dungeon)
 X - a wand of random effects (42)
   (You found it on level 8 of the Dungeon)
Scrolls
 a - 2 scrolls of amnesia
 n - a scroll of blinking {!r}
 o - 3 scrolls of enchant weapon
 r - 6 scrolls of remove curse
 u - 2 scrolls of noise {!r}
 B - 12 scrolls of identify
 C - 2 scrolls of magic mapping {!r}
 F - 8 scrolls of teleportation
Potions
 b - a potion of resistance {unknown}
 e - a potion of mutation {unknown}
 h - 2 potions of cancellation {unknown}
 k - 3 potions of heal wounds {unknown}
 m - 6 potions of curing
 t - 3 potions of agility {unknown}
 x - 2 potions of haste
 A - 2 potions of degeneration {unknown}
 E - 2 potions of flight {unknown}
 M - a potion of lignification {unknown}
 N - 2 potions of magic {unknown}
 Q - 3 potions of might {unknown}
Comestibles
 f - 23 rations {@e1}
 v - 2 chunks of flesh {@w0}


   Skills:
 + Level 11.9 Fighting
 + Level 18.0 Polearms
 - Level 2.0 Throwing
 + Level 14.0 Dodging
 + Level 8.1 Invocations


You had 12 spell levels left.
You didn't know any spells.

Dungeon Overview and Level Annotations

Branches:
Dungeon (11/15)            Temple (1/1) D:4            Lair (3/6) D:11
  Swamp (0/4) Lair:3        Snake (0/4) Lair:2          Orc (0/2) D:10

Altars:
Ashenzari
Cheibriados
Dithmenos
Elyvilon
Fedhas
Gozag
Hepliaklqana
Kikubaaqudgha
Makhleb
Nemelex Xobeh
Okawaru
Qazlal
Ru
Sif Muna
Trog
Uskayaw
Vehumet
Wu Jian
Xom
Yredelemnul
Zin
The Shining One
Lugonu

Shops:
D:9 !

Portals:
Trove: D:11 (show slimy rune of Zot)

Annotations:
D:3 1 runed door
D:4 Coldpilot's ghost, amateur MiBe; Duvessa
Lair:3 exclusions: electric eel and 3 more exclusions


Message History

* * * LOW HITPOINT WARNING * * *
You take 8 damage, and have 28/107 hp.
You now have 17/19 mp.
You puncture the komodo dragon! The bullfrog misses you.
You slash the komodo dragon!
The fungus looks more healthy.
The bullfrog closely misses you. The komodo dragon closely misses you.
You hit the komodo dragon but do no damage.
The bullfrog completely misses you. The komodo dragon bites you!
* * * LOW HITPOINT WARNING * * *
You take 16 damage, and have 12/107 hp.
You slash the komodo dragon! The bullfrog completely misses you.
You closely miss the komodo dragon. The komodo dragon bites you.
* * * LOW HITPOINT WARNING * * *
The bullfrog hits you.
* * * LOW HITPOINT WARNING * * *
You take 8 damage, and have 4/107 hp.
You slice the komodo dragon!!
You kill the komodo dragon!
Okawaru accepts your kill.
The bullfrog releases a deep croak.
The bullfrog hits you but does no damage.
It was a potion of curing.
You feel better. The adder closely misses you.
The bullfrog hits you but does no damage. x2
The adder completely misses you.
You regained 7 hp, and now have 11/107 hp.
You barely miss the bullfrog. The bullfrog misses you. The adder bites you.
* * * LOW HITPOINT WARNING * * *
You take 2 damage, and have 9/107 hp.
You puncture the bullfrog!
The bullfrog hits you but does no damage.
You closely miss the bullfrog. The adder closely misses you.
The bullfrog completely misses you.
You closely miss the bullfrog. The adder completely misses you.
The bullfrog hits you but does no damage.
You miss the bullfrog. The adder barely misses you. The bullfrog misses you.
You puncture the bullfrog! The adder completely misses you.
The bullfrog completely misses you.
You slice the bullfrog!!
You kill the bullfrog!
Okawaru accepts your kill. Something appears at your feet!
Okawaru grants you ammunition! The adder barely misses you.
You closely miss the adder. The adder bites you.
* * * LOW HITPOINT WARNING * * *
The adder completely misses you.
You take 1 damage, and have 9/107 hp.
You puncture the adder! The adder completely misses you. x2
MP restored: 19 You impale the adder!!
You kill the adder!
Okawaru accepts your kill. The adder bites you but does no damage.
You puncture the adder!
You kill the adder!
Okawaru accepts your kill.
You see here a battleaxe.
You start resting.
You feel like a meek peon again.
You regained 4 hp, and now have 16/107 hp.
You start resting.
An adder comes into view.
You regained 5 hp, and now have 21/107 hp.
A spiny frog comes into view.
The adder hisses angrily.
The spiny frog gives a loud, deep croak!
The adder bites the fungus.
The adder hisses angrily.
Attack whom?
Aim: an adder You reach to attack!
You impale the adder!!
You kill the adder!
Okawaru accepts your kill.
Attack whom?
That would be overly suicidal.
Okay, then.
Attack whom?
Aim: an adder You reach to attack!
You impale the adder!!
You kill the adder!
Okawaru accepts your kill.
Attack whom?
Aim: a spiny frog You hit the spiny frog.
The spiny frog stings you!
* * * LOW HITPOINT WARNING * * *
You take 12 damage, and have 11/107 hp.
Attack whom?
Aim: a spiny frog (moderately wounded)
You barely miss the spiny frog. The spiny frog closely misses you.
Attack whom?
Aim: a spiny frog (moderately wounded)
You hit the spiny frog.
Attack whom?
Aim: a spiny frog (moderately wounded)
You closely miss the spiny frog. The spiny frog stings you.
* * * LOW HITPOINT WARNING * * *
You take 1 damage, and have 10/107 hp.
Attack whom?
Aim: a spiny frog (moderately wounded)
You puncture the spiny frog! The spiny frog stings you!
You die...

#...####.#.........##..#..#..#.#.
.....P#...#.#.P.........##....##.
.........###............###..##..
.........###..#...([.P...##......
..SP...††##................#...##
....P.##(##....................#
.PlPPP##.........†.?#..........#
P..PP###.....>..F..###.#.#######


PPP!S #........@.## #...## PPSSy ##.#.####.## ####.# PPP.. ####.##)..# ### ....P
######## You could see a spiny frog.

Vanquished Creatures
  Fannar (Lair:1)
  Erica (Lair:2)
  4 two-headed ogres
  Nergalle (Lair:2)
  2 unseen horrors
  An orc knight (Bailey)
  A cyclops (D:11)
  5 spiny frogs
  A kobold demonologist (D:11)
  7 komodo dragons
  2 trolls
  A hornet (D:9)
  Prince Ribbit (D:8)
  4 hippogriffs
  4 wyverns
  A hungry ghost (D:10)
  9 yaks
  Grum (D:8)
  A basilisk (D:11)
  A warg (D:10)
  A water moccasin (D:7)
  A hornet zombie (D:8)
  8 orc warriors
  9 porcupines
  5 sky beasts
  6 ice beasts
  A black bear (D:9)
  2 phantoms
  11 centaurs
  7 ogres
  5 wolves
  9 crocodiles
  3 big kobolds
  11 bullfrogs
  Blork the orc (D:5)
  A gnoll sergeant (D:10)
  2 wyvern zombies
  A wyvern skeleton (D:10)
  Dowan (D:4)
  3 scorpions
  6 killer bees (D:7)
  9 electric eels
  A howler monkey (D:6)
  2 centaur zombies
  4 crimson imps
  5 hounds
  A quasit (D:5)
  2 jellies
  6 orc wizards
  3 centaur skeletons
  7 orc priests
  2 bullfrog skeletons
  4 iguanas
  4 worker ants
  3 hound zombies
  A howler monkey skeleton (D:7)
  19 adders
  11 gnolls
  2 oozes
  An adder skeleton (D:4)
  2 adder zombies
  A worm (D:3)
  4 dart slugs
  49 orcs
  5 giant cockroaches
  27 goblins
  22 hobgoblins
  5 jackals
  4 quokkas
  8 bats
  6 frilled lizards
  9 kobolds
  A quokka zombie (D:9)
  8 rats
  2 fungi
383 creatures vanquished.

Vanquished Creatures (others)
  Maurice (D:8)
  A killer bee (D:8)
  A crimson imp (D:8)
  An adder (D:8)
  An orc (D:8)
  A bush (D:11)
  9 fungi
  20 plants
35 creatures vanquished.

Grand Total: 418 creatures vanquished

Notes
Turn   | Place    | Note
-------+----------+-------------------------------------------
     0 | D:1      | Firecrotchwizard the Merfolk Gladiator began the quest for the Orb.
     0 | D:1      | Reached XP level 1. HP: 16/16 MP: 1/1
     0 | D:1      | Noticed a dwarf
     0 | D:1      | Noticed a centaur
     0 | D:1      | Noticed a draconian
     1 | D:1      | Noticed a formicid
     3 | D:1      | Noticed a naga
     6 | D:1      | Noticed a human
     7 | D:1      | Noticed a human
     8 | D:1      | Noticed a vine stalker
    10 | D:1      | Noticed a gargoyle
    12 | D:1      | Noticed a draconian
    12 | D:1      | Noticed a gargoyle
    13 | D:1      | Noticed an elf
    14 | D:1      | Noticed a draconian
    14 | D:1      | Noticed a dwarf
    16 | D:1      | Noticed an ogre
    16 | D:1      | Noticed a naga
    16 | D:1      | Noticed a draconian
    18 | D:1      | Noticed a spriggan
    18 | D:1      | Noticed an elf
   362 | D:1      | Reached XP level 2. HP: 23/23 MP: 2/2
   522 | D:1      | Reached skill level 5 in Polearms
   688 | D:1      | Reached XP level 3. HP: 24/28 MP: 3/3
  1112 | D:2      | Found a sparkling altar of Nemelex Xobeh.
  1530 | D:2      | Found an ancient bone altar of Kikubaaqudgha.
  1722 | D:2      | Found a snail-covered altar of Cheibriados.
  2071 | D:3      | Found a faded altar of an unknown god.
  2085 | D:3      | Reached XP level 4. HP: 34/34 MP: 4/4
  2136 | D:3      | Reached skill level 3 in Fighting
  2167 | D:3      | Reached skill level 6 in Polearms
  2215 | D:3      | Found a runed door.
  2781 | D:4      | Found a deep blue altar of Sif Muna.
  2804 | D:4      | Noticed Coldpilot's ghost (amateur MiBe)
  2844 | D:2      | Found a stormy altar of Qazlal.
  2944 | D:4      | Reached skill level 5 in Dodging
  2944 | D:4      | Reached XP level 5. HP: 28/41 MP: 5/5
  3061 | D:4      | Noticed an ogre
  3088 | D:4      | Killed an ogre
  3088 | D:4      | Reached skill level 7 in Polearms
  3355 | D:4      | Reached XP level 6. HP: 32/48 MP: 6/6
  3561 | D:4      | Got a polished spear
  3699 | D:4      | Reached skill level 4 in Fighting
  3912 | D:4      | Found a staircase to the Ecumenical Temple.
  3929 | D:4      | Noticed a phantom
  3930 | D:4      | Noticed Duvessa
  3949 | D:4      | Noticed Dowan
  3990 | D:3      | Reached skill level 8 in Polearms
  4298 | Temple   | Entered the Ecumenical Temple
  4333 | Temple   | Became a worshipper of Warmaster Okawaru
  4394 | D:4      | Killed Dowan
  4394 | D:4      | Reached skill level 6 in Dodging
  4529 | D:5      | Entered Level 5 of the Dungeon
  4535 | D:5      | Noticed a phantom
  4565 | D:5      | Killed a phantom
  4565 | D:5      | Reached XP level 7. HP: 45/55 MP: 7/7
  4714 | D:5      | Reached skill level 9 in Polearms
  4786 | D:5      | Noticed Blork the orc
  4983 | D:5      | Reached * piety under Okawaru
  4983 | D:5      | Reached skill level 5 in Fighting
  5255 | D:5      | Reached XP level 8. HP: 59/62 MP: 8/8
  5320 | D:5      | Reached skill level 10 in Polearms
  5320 | D:5      | Reached skill level 7 in Dodging
  5443 | D:5      | Killed Blork the orc
  6003 | D:6      | Identified the +9 spear "Pirim" {pierce, Str+4 SInv} (You found it on level 4 of the Dungeon)
  6081 | D:6      | Found a shadowy altar of Dithmenos.
  6118 | D:6      | Reached skill level 11 in Polearms
  6130 | D:6      | Reached skill level 6 in Fighting
  6143 | D:6      | HP: 14/64 [orc priest/divine providence (12)]
  6145 | D:6      | HP: 5/64 [orc priest/divine providence (9)]
  6496 | D:6      | Reached ** piety under Okawaru
  6496 | D:6      | Reached skill level 8 in Dodging
  6705 | D:6      | Upgraded the game from 0.22-a0-362-g535178c to 0.22-a0-363-g29407c6
  6830 | D:6      | Reached XP level 9. HP: 71/71 MP: 6/9
  6914 | D:6      | Found a stormy altar of Qazlal.
  6914 | D:6      | Found a burning altar of Makhleb.
  6997 | D:6      | Reached skill level 12 in Polearms
  7158 | D:7      | Found a basalt altar of Yredelemnul.
  7342 | D:7      | Found a hazy altar of Hepliaklqana.
  7349 | D:7      | Found a bloodstained altar of Trog.
  7349 | D:7      | Found an ornate altar of the Wu Jian Council.
  7353 | D:7      | Found an opulent altar of Gozag.
  7426 | D:7      | Reached skill level 7 in Fighting
  7426 | D:7      | Reached skill level 9 in Dodging
  7518 | D:7      | Reached *** piety under Okawaru
  7723 | D:7      | Found a sacrificial altar of Ru.
  8017 | D:8      | Reached skill level 13 in Polearms
  8056 | D:8      | Noticed Maurice
  8695 | D:8      | Reached XP level 10. HP: 76/80 MP: 10/10
  8697 | D:8      | Noticed Grum
  8714 | D:8      | Killed Grum
  8714 | D:8      | Reached skill level 14 in Polearms
  8955 | D:8      | Reached skill level 8 in Fighting
  8955 | D:8      | Reached skill level 10 in Dodging
  8999 | D:8      | Noticed Prince Ribbit
  9000 | D:8      | Found a glowing silver altar of Zin.
  9012 | D:8      | Killed Prince Ribbit
  9012 | D:8      | Reached **** piety under Okawaru
  9422 | D:8      | Killed Maurice
  9486 | D:8      | Found a shimmering altar of Xom.
 10230 | D:9      | Found a flagged portal.
 10349 | Bailey   | Entered a bailey
 10421 | Bailey   | Reached skill level 15 in Polearms
 10504 | Bailey   | Noticed an orc knight
 10528 | Bailey   | Killed an orc knight
 10820 | Bailey   | Noticed an orc warlord
 10920 | D:9      | Reached skill level 9 in Fighting
 10920 | D:9      | Reached skill level 11 in Dodging
 11111 | D:9      | Received a gift from Okawaru
 11209 | D:9      | Found Fuim's Distillery.
 11213 | D:9      | Bought a potion of haste for 120 gold pieces
 11224 | D:9      | Found a blossoming altar of Fedhas.
 11295 | D:10     | Entered Level 10 of the Dungeon
 11311 | D:10     | Noticed a two-headed ogre
 11609 | D:10     | Reached skill level 1 in Invocations
 11609 | D:10     | Reached XP level 11. HP: 87/89 MP: 10/12
 11614 | D:10     | Noticed an unseen horror
 11620 | D:10     | Killed an unseen horror
 11620 | D:10     | Reached ***** piety under Okawaru
 11620 | D:10     | Reached skill level 2 in Invocations
 11632 | D:10     | Reached skill level 16 in Polearms
 11836 | D:10     | Killed a two-headed ogre
 11836 | D:10     | Reached skill level 3 in Invocations
 11909 | D:10     | Received a gift from Okawaru
 11926 | D:10     | Noticed a two-headed ogre
 12182 | D:10     | Found a staircase to the Orcish Mines.
 12190 | D:10     | Noticed a two-headed ogre
 12206 | D:10     | Killed a two-headed ogre
 12206 | D:10     | Reached skill level 10 in Fighting
 12206 | D:10     | Reached skill level 12 in Dodging
 12206 | D:10     | Reached skill level 4 in Invocations
 12570 | D:11     | Noticed a two-headed ogre
 12742 | D:11     | Noticed a cyclops
 12748 | D:11     | Noticed a two-headed ogre
 12755 | D:11     | Killed a cyclops
 12775 | D:11     | Killed a two-headed ogre
 12775 | D:11     | Reached skill level 5 in Invocations
 12970 | D:11     | Reached XP level 12. HP: 92/98 MP: 16/16
 12996 | D:11     | Found a staircase to the Lair.
 13099 | D:11     | Reached skill level 17 in Polearms
 13104 | D:11     | Received a gift from Okawaru
 13278 | D:11     | Reached skill level 6 in Invocations
 13347 | D:11     | Killed a two-headed ogre
 13519 | D:11     | Reached skill level 13 in Dodging
 13897 | D:11     | Reached skill level 11 in Fighting
 13942 | D:11     | Found a portal to a secret trove of treasure.
 14009 | Lair:1   | Entered Level 1 of the Lair of Beasts
 14022 | Lair:1   | Noticed Fannar
 14033 | Lair:1   | Killed Fannar
 14159 | Lair:1   | Reached ****** piety under Okawaru
 14331 | Lair:1   | Received a gift from Okawaru
 14334 | Lair:1   | Reached skill level 7 in Invocations
 14335 | Lair:1   | Got a pitted halberd {god gift}
 14336 | Lair:1   | Identified the +5 halberd of Qouvois {chop, *Drain MR++} (Okawaru gifted it to you on level 1 of the Lair of Beasts)
 15047 | Lair:2   | Found a staircase to the Snake Pit.
 15314 | Lair:2   | Noticed Nergalle
 15323 | Lair:2   | Killed Nergalle
 15460 | Lair:2   | Noticed Erica
 15500 | Lair:2   | Killed Erica
 15646 | Lair:3   | Reached XP level 13. HP: 59/107 MP: 16/18
 15898 | Lair:3   | Reached skill level 18 in Polearms
 15926 | Lair:3   | Found a staircase to the Swamp.
 15932 | Lair:3   | HP: 17/107 [electric eel/bolt of electricity (12)]
 15934 | Lair:3   | HP: 7/107 [electric eel/bolt of electricity (5)]
 16524 | Lair:3   | Reached skill level 14 in Dodging
 16524 | Lair:3   | Reached skill level 8 in Invocations
 16538 | Lair:3   | HP: 12/107 [komodo dragon (17)]
 16540 | Lair:3   | HP: 4/107 [bullfrog (5)]
 16549 | Lair:3   | Received a gift from Okawaru
 16550 | Lair:3   | HP: 9/107 [adder (1)]
 16604 | Lair:3   | HP: 11/107 [spiny frog (12)]
 16608 | Lair:3   | Slain by a spiny frog

Vault maps used:
D:1:      shiori_arrival_whats_in_store_for_you, palyth_stone_intersect
D:2:      lemuel_upstairs_altar, kennysheep_slug_shrine,
          kiku_gazebo_pond_becter, nemelex_xobeh_ov_fountains_minmay
D:3:      chequers_ecumenical_altar_twisty, minmay_misc_feat_iff,
          uniq_crazy_yiuf_cottage
D:4:      lemuel_doored_altar, minmay_temple_entry_statues_fountains,
          uniq_duvessa
D:5:      first_ration, uniq_blork_the_orc
D:6:      gammafunk_temple_overflow_elements, nicolae_dithmenos_shadow_blocks
D:7:      overflow_temple_1_default, grunt_temple_overflow_open, basic_altar
D:8:      zin_academy, serial_bayou, serial_bayou_lagoon_a,
          serial_bayou_lagoon_b, serial_bayou_ford_a, serial_bayou_pond_a,
          blue_anna_alchemist, serial_bayou_pond_c, xom_confusion_cloud,
          uniq_grum, uniq_maurice, uniq_prince_ribbit1
D:9:      kennysheep_mini, enter_bailey_3, serial_shops, nicolae_shop_stone,
          serial_bayou_pond_c
D:10:     erik_orc_4
D:11:     minmay_lair_entry_grove, nicolae_trove_entry_columns
Temple:   corrupted_temple
Lair:1:   uniq_fannar
Lair:2:   dummy_snake_entry, serial_bayou_shore_a, infiniplex_staircase_pool,
          uniq_nergalle, uniq_erica
Lair:3:   minmay_lair_venomous_thicket, minmay_swamp_entry_eels,
          beast_lair_carwin_6
Bailey:   bailey_axe_minmay_hex_keep, bailey

Skill      XL: |  1  2  3  4  5  6  7  8  9 10 11 12 13 |
---------------+----------------------------------------+-----
Polearms       | 5 6 7 8 9 11 13 15 16 17 18 | 18.0
Fighting       | 3 4 5 6 7 9 10 11 | 11.9
Dodging        | 5 6 8 9 11 12 13 14 | 14.0
Invocations    | 1 5 7 8 |  8.1
Throwing       | |  2.0

Action                   |  1- 3 |  4- 6 |  7- 9 | 10-12 | 13-15 || total
-------------------------+-------+-------+-------+-------+-------++-------
Melee: Trident           |   128 |   196 |   173 |       |       ||   497
       Unarmed           |       |    21 |       |       |       ||    21
       Spear             |       |       |   167 |   677 |       ||   844
       Punch             |       |       |       |     3 |       ||     3
       Halberd           |       |       |       |    85 |    65 ||   150
Throw: Throwing net      |       |     2 |       |       |       ||     2
       Tomahawk          |       |       |       |     1 |       ||     1
Invok: Heroism           |       |       |     3 |     8 |     1 ||    12
       Finesse           |       |       |       |     2 |       ||     2
Evoke: Wand              |       |     2 |       |     2 |       ||     4
  Use: Scroll            |     1 |     1 |     2 |    12 |       ||    16
       Potion            |       |       |       |       |     1 ||     1
 Stab: Distracted        |       |       |       |     2 |       ||     2
       Sleeping          |       |       |       |     3 |       ||     3
       Confused          |       |       |       |     4 |       ||     4
  Eat: Chunk             |     3 |     8 |     7 |    16 |       ||    34
       Ration            |       |       |     2 |     2 |     1 ||     5
Armor: Leather armour    |     2 |       |       |       |       ||     2
       Ring mail         |    29 |     7 |       |       |       ||    36
       Scale mail        |       |    54 |    61 |    63 |    10 ||   188
Dodge: Dodged            |    65 |   154 |   126 |   296 |    76 ||   717

Table legend:
 A = Spawn XP
 B = Non-spawn XP
 C = Spawn XP percentage of total XP
 D = Spawn monster count
 E = Non-spawn monster count
 F = Spawn count percentage of total count
 G = Total turns spent on level
                    A         B        C        D         E        F      G
               +---------+---------+-------+---------+---------+-------+---------
         Total |       0 |   33802 |   0.0 |       0 |     381 |   0.0 | 16608
               +---------+---------+-------+---------+---------+-------+---------
           D:1 |       0 |      48 |   0.0 |       0 |      27 |   0.0 |  1108
           D:2 |       0 |      32 |   0.0 |       0 |       9 |   0.0 |   897
           D:3 |       0 |      78 |   0.0 |       0 |      15 |   0.0 |   968
           D:4 |       0 |     439 |   0.0 |       0 |      23 |   0.0 |  1503
           D:5 |       0 |     912 |   0.0 |       0 |      20 |   0.0 |  1170
           D:6 |       0 |    1178 |   0.0 |       0 |      23 |   0.0 |  1449
           D:7 |       0 |     820 |   0.0 |       0 |      13 |   0.0 |  1099
           D:8 |       0 |    2184 |   0.0 |       0 |      25 |   0.0 |  1837
           D:9 |       0 |    1858 |   0.0 |       0 |      27 |   0.0 |   892
          D:10 |       0 |    6306 |   0.0 |       0 |      48 |   0.0 |  1176
          D:11 |       0 |    7451 |   0.0 |       0 |      49 |   0.0 |  1373
        Lair:1 |       0 |    4271 |   0.0 |       0 |      17 |   0.0 |   797
        Lair:2 |       0 |    3830 |   0.0 |       0 |      13 |   0.0 |  1184
        Lair:3 |       0 |    3039 |   0.0 |       0 |      18 |   0.0 |   618
        Bailey |       0 |    1356 |   0.0 |       0 |      54 |   0.0 |   484
               +---------+---------+-------+---------+---------+-------+---------

Vault maps used:
D:1:      shiori_arrival_whats_in_store_for_you, palyth_stone_intersect
D:2:      lemuel_upstairs_altar, kennysheep_slug_shrine,
          kiku_gazebo_pond_becter, nemelex_xobeh_ov_fountains_minmay
D:3:      chequers_ecumenical_altar_twisty, minmay_misc_feat_iff,
          uniq_crazy_yiuf_cottage
D:4:      lemuel_doored_altar, minmay_temple_entry_statues_fountains,
          uniq_duvessa
D:5:      first_ration, uniq_blork_the_orc
D:6:      gammafunk_temple_overflow_elements, nicolae_dithmenos_shadow_blocks
D:7:      overflow_temple_1_default, grunt_temple_overflow_open, basic_altar
D:8:      zin_academy, serial_bayou, serial_bayou_lagoon_a,
          serial_bayou_lagoon_b, serial_bayou_ford_a, serial_bayou_pond_a,
          blue_anna_alchemist, serial_bayou_pond_c, xom_confusion_cloud,
          uniq_grum, uniq_maurice, uniq_prince_ribbit1
D:9:      kennysheep_mini, enter_bailey_3, serial_shops, nicolae_shop_stone,
          serial_bayou_pond_c
D:10:     erik_orc_4
D:11:     minmay_lair_entry_grove, nicolae_trove_entry_columns
Temple:   corrupted_temple
Lair:1:   uniq_fannar
Lair:2:   dummy_snake_entry, serial_bayou_shore_a, infiniplex_staircase_pool,
          uniq_nergalle, uniq_erica
Lair:3:   minmay_lair_venomous_thicket, minmay_swamp_entry_eels,
          beast_lair_carwin_6
Bailey:   bailey_axe_minmay_hex_keep, bailey

Table legend:
 A = Turns spent in this place as a percentage of turns spent in the entire game.
 B = Non-inter-level travel turns spent in this place as a percentage of non-inter-level travel turns spent in the entire game.
 C = Inter-level travel turns spent in this place as a percentage of turns spent in this place.
 D = Turns resting spent in this place as a percentage of non-inter-level travel turns spent in this place.
 E = Turns spent auto-exploring this place as a percentage of non-inter-level travel turns spent in this place.
 F = Non-inter-level travel turns spent in this place divided by the number of levels of this place that you've seen.
                   A       B       C       D       E      F
               +-------+-------+-------+-------+-------+----------------------
         Total | 100.0 | 100.0 |   4.8 |  32.5 |  46.9 | 988.2
       Dungeon |  81.1 |  80.6 |   5.4 |  31.4 |  48.2 | 1158.1
        Temple |   0.3 |   0.2 |  32.1 |   0.0 |  58.3 |  36.0
          Lair |  15.6 |  16.1 |   1.8 |  38.7 |  44.7 | 851.0
        Bailey |   2.9 |   3.1 |   0.0 |  29.1 |  22.5 | 484.0
               +-------+-------+-------+-------+-------+----------------------

Table legend:
 A = Kills in this place as a percentage of kills in entire the game.
 B = Kills by you in this place as a percentage of kills by you in the entire game.
 C = Kills by friends in this place as a percentage of kills by friends in the entire game.
 D = Other kills in this place as a percentage of other kills in the entire game.
 E = Experience gained in this place as a percentage of experience gained in the entire game.
 F = Experience gained in this place divided by the number of levels of this place that you have seen.
                   A       B       C       D       E      F
               +-------+-------+-------+-------+-------+----------------------
         Total | 100.0 | 100.0 |   N/A |   N/A | 100.0 | 2112.6
       Dungeon |  73.2 |  73.2 |   N/A |   N/A |  63.0 | 1936.9
          Lair |  12.6 |  12.6 |   N/A |   N/A |  33.0 | 3713.3
        Bailey |  14.2 |  14.2 |   N/A |   N/A |   4.0 | 1356.0
               +-------+-------+-------+-------+-------+----------------------
